 Dungeon Crawl Stone Soup version 0.30-a0-737-gf23d94013f (webtiles) character file.

Game seed: 293903026528442146

200 themarg the Firebug (level 5, -3/41 HPs)
             Began as a Mummy Cinder Acolyte on Feb 2, 2023.
             Was a High Priest of Ignis.
             Splashed by a jelly's acid (8 damage)
             ... on level 3 of the Dungeon.
             The game lasted 00:10:43 (4083 turns).

themarg the Firebug (Mummy Cinder Acolyte)          Turns: 4083, Time: 00:10:44

Health: -3/41      AC:  5    Str: 17    XL:     5   Next: 49%
Magic:  1/8        EV: 16    Int: 15    God:    Ignis [*****.]
Gold:   188        SH:  0    Dex: 10    Spells: 7/9 levels left

rFire   . . .      SeeInvis .    a - -1 short sword (flame)
rCold   + + .      Faith    +    (no shield)
rNeg    + + +      Spirit   .    b - +0 robe
rPois   ∞          Reflect  .    (no helmet)
rElec   .          Harm     .    (no cloak)
rCorr   .          Rampage  .    (no gloves)
Will    .....                    (no boots)
Stlth   ++                       (no amulet)
HPRegen 0.26/turn                h - ring "Maiherem" {rC+ Dex+2}
MPRegen 0.11/turn                o - +5 ring of evasion

@: corroded, fiery-armoured
A: cold resistance 1, negative energy resistance 3, torment resistance 2, heat
vulnerability 1, in touch with death 1, no potions, faith
a: Renounce Religion, Fiery Armour, Foxfire Swarm, Rising Flame


You were on level 3 of the Dungeon.
You worshipped Ignis.
Ignis was extremely pleased with you.
You visited 1 branch of the dungeon, and saw 4 of its levels.

You collected 188 gold pieces.

Inventory:

Hand Weapons
 a - a -1 short sword of flaming (weapon)
 m - a +1 war axe of flaming
Missiles
 e - 26 stones (quivered)
 p - 6 silver javelins
 r - 3 poisoned darts
Armour
 b - a +0 robe (worn)
 g - a +0 leather armour
 k - the +0 ring mail "Ipedeow" {Str+2 Int+4}
   (You found it on level 2 of the Dungeon)

   Str:       It affects your strength (+2).
   Int:       It affects your intelligence (+4).
Jewellery
 h - the ring "Maiherem" (left hand) {rC+ Dex+2}
   (You found it on level 2 of the Dungeon)

   [ring of protection from cold]

   Dex:       It affects your dexterity (+2).
   rC:        It protects you from cold.
 o - a +5 ring of evasion (right hand)
Wands
 j - a wand of flame (10)
Scrolls
 c - 7 scrolls of identify {unknown}
 d - a scroll of fog {unknown}
 f - 2 scrolls of enchant armour {unknown}
 i - a scroll of poison {unknown}
 l - a scroll of fear {unknown}
 n - a scroll of acquirement {unknown}
 q - a scroll of magic mapping {unknown}
 s - a scroll of silence {unknown}


   Skills:
 - Level 3.0 Fighting
 - Level 2.4 Short Blades
 - Level 2.0 Stealth
 - Level 2.5 Spellcasting
 + Level 4.5 Fire Magic


You had 7 spell levels left.
You knew the following spells:

 Your Spells              Type           Power      Damage    Failure   Level
a - Scorch                Fire           30%        2d6       4%          2

Your spell library contained the following spells:

 Spells                   Type           Power      Damage    Failure   Level
 Slow                     Hex            4%         N/A       22%         1
 Confusing Touch          Hex            1%         N/A       54%         3
 Vampiric Draining        Necr           2%         2d6       54%         3


Dungeon Overview and Level Annotations

Branches:
Dungeon (4/15)
 Temple: D:4-7

Altars:

Shops:
D:1 =   D:2 *


Innate Abilities, Weirdness & Mutations

You are immune to poison.
Your flesh is cold resistant. (rC+)
You are immune to negative energy. (rN+++)
You are immune to unholy pain and torment.
You are vulnerable to heat. (rF-)
You are in touch with the powers of death.
You do not drink.
You have a special connection with the divine. (Faith)


Message History

The iguana closely misses you.
A jelly comes into view.
There is a stone staircase leading up here.
Flames lash the iguana.
The iguana is severely wounded.
The iguana's fire resistance burns away.
The jelly quivers.
The iguana barely misses you.
Flames lash the iguana but do no damage.
The iguana barely misses you.
Flames lash the jelly.
The jelly is moderately wounded.
The jelly's fire resistance burns away.
You hear a shout!
The iguana barely misses you.
Flames lash the jelly.
The jelly is burned terribly!
The jelly is severely wounded.
The iguana bites you. The iguana barely misses you. The jelly hits you.
The acid corrodes you!
You are splashed with acid!
You climb upwards.
There is a stone staircase leading down here.
The iguana attacks as you move away! The iguana barely misses you.
The jelly attacks as you move away! The jelly hits you.
You are splashed with acid!
The iguana is no longer more vulnerable to fire.
The iguana attacks as you move away! The iguana bites you!
A protective cloak of flame settles atop you.
The jelly barely misses you. The iguana completely misses you.
You hit the jelly. You burn the jelly.
Your hands burn!
* * * LOW HITPOINT WARNING * * *
The jelly is almost dead.
The jelly is no longer more vulnerable to fire.
You hit the jelly but do no damage.
Your hands burn!
* * * LOW HITPOINT WARNING * * *
The jelly is almost dead.
The jelly hits you.
* * * LOW HITPOINT WARNING * * *
You are splashed with acid!
You die...

#####......# #...#..)......#.#.
...........# #.[....#.#....#.##
...........# #.##...#.#.#......
.).........# #..'...#.#.##.#.##
........#### ####...#.#.##.#.#
........# #...#.#.##.#.##
........###########...#.#.#......
........##........#...#.#.#.....#
........##.....J@<#...#.#.#.....#
........##.....l..#...#.#.###...#
#######..'.>......'...#.#.# #...#
####........#...#.#.# #...#
#........#...#.#.###...#
###....^...#####.#.......#
#......)...## #...###...#
#...........# #...# #...#
#......##...# #...#######


You could see an iguana and a jelly.

Vanquished Creatures
  An orc priest (D:3)
  2 orc wizards (D:3)
  4 adders
  A worm (D:2)
  11 orcs
  6 ball pythons
  4 endoplasms
  3 giant cockroaches
  7 goblins
  5 hobgoblins
  A quokka (D:3)
  8 bats
  5 frilled lizards
  8 kobolds
  A rat (D:1)
67 creatures vanquished.

Notes
Turn   | Place    | Note
-------+----------+-------------------------------------------
     0 | D:1      | themarg the Mummy Cinder Acolyte began the quest for the
                  | Orb.
     0 | D:1      | Reached XP level 1. HP: 18/18 MP: 2/2
   484 | D:1      | Reached XP level 2. HP: 24/24 MP: 4/4
   490 | D:1      | Found Guixiaw's One-of-a-Kind Rings.
   505 | D:1      | Learned a level 2 spell: Scorch
   701 | D:1      | Reached skill level 1 in Stealth
  1335 | D:2      | Gained mutation: You are in touch with the powers of death.
                  | [Mummy growth]
  1335 | D:2      | Reached XP level 3. HP: 17/29 MP: 0/6
  1335 | D:2      | Identified the ring "Maiherem" {rC+ Dex+2}
  1445 | D:2      | Found Qioxtokk's Assorted Antiques.
  1791 | D:2      | Reached skill level 3 in Fire Magic
  2219 | D:2      | Identified the +0 ring mail "Ipedeow" {Str+2 Int+4}
  2322 | D:3      | Reached XP level 4. HP: 35/35 MP: 2/7
  3245 | D:3      | Reached skill level 4 in Fire Magic
  3245 | D:3      | Reached XP level 5. HP: 19/41 MP: 1/8
  4083 | D:3      | Splashed by a jelly's acid

Illustrated notes

Levels and vault maps discovered:
D:1:      lemuel_arrival_room, layout_basic, nicolae_shop_unique_rings
D:2:      minmay_razor_zed, layout_basic, serial_shops, nicolae_shop_waterfront
D:3:      layout_basic
D:4:      layout_cave_pools, uniq_blork_the_orc, uniq_eustachio

Skill      XL: |  1  2  3  4 |
---------------+-------------+-----
Spellcasting   | 2 |  2.5
Stealth        | 1 2 |  2.0
Fire Magic     | 3 4 |  4.5
Fighting       | |  3.0
Short Blades   | |  2.4

Action                     |  1- 3 |  4- 6 || total
---------------------------+-------+-------++-------
  Melee: Short sword       |    45 |    11 ||    56
         Punch             |     1 |       ||     1
   Cast: Scorch            |    36 |    51 ||    87
 Invoke: Fiery Armour      |       |     1 ||     1
 Armour: Robe              |     8 |     2 ||    10
  Dodge: Dodged            |    27 |    48 ||    75

Table legend: (Time is in decaauts)
 A = Elapsed time spent in this place.
 B = Non-inter-level travel time spent in this place.
 C = Inter-level travel time spent in this place.
 D = Time resting spent in this place.
 E = Time spent auto-exploring this place.
 F = Levels seen in this place.
 G = Mean time per level.
                   A        B        C        D        E       F      G
               +--------+--------+--------+--------+--------+-----+--------+
         Total |   4080 |   3969 |    111 |    571 |   2658 |   4 | 1020.0 |
       Dungeon |   4080 |   3969 |    111 |    571 |   2658 |   4 | 1020.0 |
               +--------+--------+--------+--------+--------+-----+--------+

Top non-repeatable levels by time:
     D:3: 1743 daAuts
     D:1: 1201 daAuts
     D:2: 1117 daAuts
     D:4: 18 daAuts
